3AAA
TORTOLITA DRUMMERS @ PORT ROYAL DISASTER
09/16/2034
 
TOP OF THE 1ST
Tortolita Drummers batting - Pitching for Port Royal Disaster : RHP Fernando Varela
Pitching: RHP Fernando Varela
Batting: RHB Scotty Glenn 0-0: Ball
1-0: Called Strike
1-1: Swinging Strike
1-2: Foul Ball, location: 2F
1-2: Ball
2-2: Strikes out swinging
Batting: RHB Otis Brewer 0-0: Called Strike
0-1: Ground out 6-3 (Groundball, 6)
Batting: RHB Jesús Martínez 0-0: Called Strike
0-1: Ball
1-1: Ball
2-1: Ball
3-1: Called Strike
3-2: Foul Ball, location: 2F
3-2: Fly out, F7 (Flyball, 78M)
Top of the 1st over - 0 runs, 0 hits, 0 errors, 0 left on base; Tortolita 0 - Port Royal 0
BOTTOM OF THE 1ST
Port Royal Disaster batting - Pitching for Tortolita Drummers : RHP Kabeya Kasongo
Pitching: RHP Kabeya Kasongo
Batting: LHB Ricky Payton 0-0: Ball
1-0: Swinging Strike
1-1: Ball
2-1: Ball
3-1: Foul Ball, location: 2F
3-2: Strikes out swinging
Batting: SHB Júlio Morín Jr. 0-0: Ball
1-0: Foul Ball, location: 2F
1-1: Foul Ball, location: 2F
1-2: DOUBLE (Line Drive, 7LS)
Batting: SHB Tony Manzanares 0-0: Ball
1-0: Ground out 6-3 (Groundball, 6M)
Júlio Morín Jr. to third
Batting: RHB John Burton 0-0: Ball
1-0: Swinging Strike
1-1: Called Strike
1-2: Strikes out swinging
Bottom of the 1st over - 0 runs, 1 hit, 0 errors, 1 left on base; Tortolita 0 - Port Royal 0
TOP OF THE 2ND
Tortolita Drummers batting - Pitching for Port Royal Disaster : RHP Fernando Varela
Batting: LHB Glen Allen Mixon 0-0: Ball
1-0: Foul Ball, location: 2F
1-1: Fly out, F8 (Flyball, 89D)
Batting: RHB Mun-wah Law 0-0: Fly out, F9 (Flyball, 9LSF)
Batting: RHB Tomás Costello 0-0: Foul Ball, location: 2F
0-1: Ball
1-1: Called Strike
1-2: Fly out, F7 (Flyball, 78D)
Top of the 2nd over - 0 runs, 0 hits, 0 errors, 0 left on base; Tortolita 0 - Port Royal 0
BOTTOM OF THE 2ND
Port Royal Disaster batting - Pitching for Tortolita Drummers : RHP Kabeya Kasongo
Batting: RHB Anson Darrah 0-0: SINGLE (Groundball, 4D)
Batting: RHB Wrangler Haresnape 0-0: Fielders Choice at 2nd, 4-6 (Groundball, 34)
Batting: RHB Michael Brannon 0-0: Ball
1-0: Ball
2-0: Swinging Strike
2-1: Foul Ball, location: 2F
2-2: Ball
3-2: 2-RUN HOME RUN (Flyball, 7LD), Distance : 355 ft
Batting: RHB Richard Cutshall 0-0: Ball
1-0: Ball
2-0: Swinging Strike
2-1: Ball
3-1: Base on Balls
Batting: RHB Steve Bock 0-0: Foul Ball, location: 2F
0-1: Ground out 3-1 (Groundball, 34S)
Richard Cutshall to second
Batting: LHB Ricky Payton 0-0: Called Strike
0-1: Ball
1-1: Called Strike
1-2: Foul Ball, location: 2F
1-2: Ball
2-2: SINGLE (Groundball, 4D)
Richard Cutshall to third
Runner from 3rd tries for Home, SAFE, no throw
Batting: SHB Júlio Morín Jr. 0-0: Ball
1-0: Swinging Strike
1-1: Ball
2-1: Ball
3-1: Base on Balls
Ricky Payton to second
Batting: SHB Tony Manzanares 0-0: Ball
1-0: Swinging Strike
1-1: Swinging Strike
1-2: Ball
2-2: Ground out 4-3 (Groundball, 4)
Bottom of the 2nd over - 3 runs, 3 hits, 0 errors, 2 left on base; Tortolita 0 - Port Royal 3
TOP OF THE 3RD
Tortolita Drummers batting - Pitching for Port Royal Disaster : RHP Fernando Varela
Batting: RHB Dave Sienna 0-0: Called Strike
0-1: Ball
1-1: Ball
2-1: Ball
3-1: Called Strike
3-2: Ground out 5-3 (Groundball, 5L)
Batting: RHB Vincent Klein 0-0: Ball
1-0: Called Strike
1-1: Fly out, F8 (Flyball, 8RXD)
Batting: SHB Fernando Rincón 0-0: Ball
1-0: Called Strike
1-1: Ground out 6-3 (Groundball, 6)
Top of the 3rd over - 0 runs, 0 hits, 0 errors, 0 left on base; Tortolita 0 - Port Royal 3
BOTTOM OF THE 3RD
Port Royal Disaster batting - Pitching for Tortolita Drummers : RHP Kabeya Kasongo
Batting: RHB John Burton 0-0: SOLO HOME RUN (Line Drive, 7D), Distance : 390 ft
Batting: RHB Anson Darrah 0-0: Foul Ball, location: 2F
0-1: Called Strike
0-2: Strikes out looking
Batting: RHB Wrangler Haresnape 0-0: Ball
1-0: Ball
2-0: Reached on error, E6 (Groundball, 6)
Batting: RHB Michael Brannon 0-0: 2-RUN HOME RUN (Flyball, 7LD), Distance : 342 ft
Batting: RHB Richard Cutshall 0-0: Ball
1-0: Ground out 4-3 (Groundball, 4M)
Batting: RHB Steve Bock 0-0: DOUBLE (Line Drive, 7LD)
Batting: LHB Ricky Payton 0-0: Ball
1-0: Swinging Strike
1-1: Foul Ball, location: 2F
1-2: Foul Ball, location: 2F
1-2: Foul Ball, location: 2F
1-2: Ball
2-2: Ball
3-2: Fly out, F4 (Popup, 4M)
Bottom of the 3rd over - 3 runs, 3 hits, 1 error, 1 left on base; Tortolita 0 - Port Royal 6
TOP OF THE 4TH
Tortolita Drummers batting - Pitching for Port Royal Disaster : RHP Fernando Varela
Batting: RHB Scotty Glenn 0-0: Fly out, F7 (Line Drive, 7D)
Batting: RHB Otis Brewer 0-0: Called Strike
0-1: Foul Ball, location: 2F
0-2: Ball
1-2: Ball
2-2: Fly out, F8 (Flyball, 8LM)
Batting: RHB Jesús Martínez 0-0: Ball
1-0: Called Strike
1-1: SINGLE (Groundball, 4D)
Batting: LHB Glen Allen Mixon 0-0: Called Strike
Jesús Martínez steals 2nd base
0-1: Swinging Strike
0-2: Ball
1-2: Foul Ball, location: 2F
1-2: 2-RUN HOME RUN (Flyball, 9LD), Distance : 360 ft
Batting: RHB Mun-wah Law 0-0: Ball
1-0: Swinging Strike
1-1: Ball
2-1: Swinging Strike
2-2: Ball
3-2: Strikes out looking
Top of the 4th over - 2 runs, 2 hits, 0 errors, 0 left on base; Tortolita 2 - Port Royal 6
BOTTOM OF THE 4TH
Port Royal Disaster batting - Pitching for Tortolita Drummers : RHP Kabeya Kasongo
Batting: SHB Júlio Morín Jr. 0-0: Ball
1-0: Fly out, F5 (Popup, 5SF)
Batting: SHB Tony Manzanares 0-0: Ball
1-0: Ball
2-0: Ball
3-0: Called Strike
3-1: Called Strike
3-2: Foul Ball, location: 2F
3-2: Foul Ball, location: 2F
3-2: Base on Balls
Batting: RHB John Burton 0-0: Called Strike
0-1: Ball
1-1: Foul Ball, location: 2F
1-2: Ball
2-2: Strikes out swinging
Batting: RHB Anson Darrah 0-0: Ball
1-0: Foul Ball, location: 2F
1-1: Foul Ball, location: 2F
1-2: Ground out U3 (Groundball, 34)
Bottom of the 4th over - 0 runs, 0 hits, 0 errors, 1 left on base; Tortolita 2 - Port Royal 6
TOP OF THE 5TH
Tortolita Drummers batting - Pitching for Port Royal Disaster : RHP Fernando Varela
Batting: RHB Tomás Costello 0-0: Ball
1-0: Foul Ball, location: 2F
1-1: Foul Ball, location: 2F
1-2: Foul Ball, location: 2F
1-2: Fly out, F9 (Flyball, 9)
Batting: RHB Dave Sienna 0-0: Ball
1-0: Swinging Strike
1-1: Foul Ball, location: 2F
1-2: Foul Ball, location: 2F
1-2: Foul Ball, location: 2F
1-2: Strikes out swinging
Batting: RHB Vincent Klein 0-0: Called Strike
0-1: Swinging Strike
0-2: Strikes out swinging
Top of the 5th over - 0 runs, 0 hits, 0 errors, 0 left on base; Tortolita 2 - Port Royal 6
BOTTOM OF THE 5TH
Port Royal Disaster batting - Pitching for Tortolita Drummers : RHP Kabeya Kasongo
Batting: RHB Wrangler Haresnape 0-0: Ball
1-0: Called Strike
1-1: Foul Ball, location: 2F
1-2: Ball
2-2: SINGLE (Groundball, 6MD)
Batting: RHB Michael Brannon 0-0: Ball
1-0: Ball
2-0: Ball
3-0: Called Strike
3-1: Base on Balls
Wrangler Haresnape to second
Pitching: RHP Oliver Huerta
Batting: RHB Richard Cutshall 0-0: Foul Ball, location: 2F
0-1: Foul Ball, location: 2F
0-2: Foul Ball, location: 2F
0-2: Ball
1-2: Grounds into double play, U5-3 (Groundball, 5L)
Michael Brannon to second
Batting: RHB Steve Bock 0-0: Swinging Strike
0-1: Called Strike
0-2: Foul Ball, location: 2F
0-2: Ground out 6-3 (Groundball, 6)
Bottom of the 5th over - 0 runs, 1 hit, 0 errors, 1 left on base; Tortolita 2 - Port Royal 6
TOP OF THE 6TH
Tortolita Drummers batting - Pitching for Port Royal Disaster : RHP Fernando Varela
Batting: SHB Fernando Rincón 0-0: Foul Ball, location: 2F
0-1: Ball
1-1: Fly out, F6 (Popup, 6M)
Batting: RHB Scotty Glenn 0-0: Called Strike
0-1: Swinging Strike
0-2: Strikes out swinging
Batting: RHB Otis Brewer 0-0: Ball
1-0: Ball
2-0: Called Strike
2-1: Swinging Strike
2-2: Ball
3-2: Fly out, F7 (Flyball, 7S)
Top of the 6th over - 0 runs, 0 hits, 0 errors, 0 left on base; Tortolita 2 - Port Royal 6
BOTTOM OF THE 6TH
Port Royal Disaster batting - Pitching for Tortolita Drummers : RHP Oliver Huerta
Batting: LHB Ricky Payton 0-0: Fly out, F9 (Line Drive, 9)
Batting: SHB Júlio Morín Jr. 0-0: Ball
1-0: Ball
2-0: Fly out, F8 (Flyball, 8RXD)
Batting: SHB Tony Manzanares 0-0: Ground out 4-3 (Groundball, 4)
Bottom of the 6th over - 0 runs, 0 hits, 0 errors, 0 left on base; Tortolita 2 - Port Royal 6
TOP OF THE 7TH
Tortolita Drummers batting - Pitching for Port Royal Disaster : RHP Fernando Varela
Batting: RHB Jesús Martínez 0-0: Ball
1-0: Swinging Strike
1-1: Foul Ball, location: 2F
1-2: Ball
2-2: Foul Ball, location: 2F
2-2: Strikes out looking
Batting: LHB Glen Allen Mixon 0-0: Called Strike
0-1: Called Strike
0-2: Ground out U3 (Groundball, 3)
Batting: RHB Mun-wah Law 0-0: Foul Ball, location: 2F
0-1: Ground out 1-3 (Groundball, 13)
Top of the 7th over - 0 runs, 0 hits, 0 errors, 0 left on base; Tortolita 2 - Port Royal 6
BOTTOM OF THE 7TH
Port Royal Disaster batting - Pitching for Tortolita Drummers : RHP Oliver Huerta
Batting: RHB John Burton 0-0: Ball
1-0: Ball
2-0: Foul Ball, location: 2F
2-1: Fly out, F3 (Popup, 3SF)
Batting: RHB Anson Darrah 0-0: Fly out, F5 (Line Drive, 5L)
Batting: RHB Wrangler Haresnape 0-0: Foul Ball, location: 2F
0-1: Ball
1-1: Called Strike
1-2: Fly out, F8 (Line Drive, 78D)
Bottom of the 7th over - 0 runs, 0 hits, 0 errors, 0 left on base; Tortolita 2 - Port Royal 6
TOP OF THE 8TH
Tortolita Drummers batting - Pitching for Port Royal Disaster : RHP Fernando Varela
Batting: RHB Tomás Costello 0-0: Ball
1-0: Swinging Strike
1-1: Foul Ball, location: 2F
1-2: SINGLE (Flyball, 89M)
Batting: RHB Dave Sienna 0-0: Called Strike
0-1: Ball
1-1: Swinging Strike
1-2: Ball
2-2: Strikes out swinging
Pitching: LHP Magnus Scheving
Batting: RHB Vincent Klein 0-0: Ball
1-0: Foul Ball, location: 2F
1-1: Called Strike
1-2: Fly out, F3 (Popup, 3SF)
Batting: SHB Fernando Rincón 0-0: Foul Ball, location: 2F
0-1: Ball
1-1: Ground out 5-3 (Groundball, 5S)
Top of the 8th over - 0 runs, 1 hit, 0 errors, 1 left on base; Tortolita 2 - Port Royal 6
BOTTOM OF THE 8TH
Port Royal Disaster batting - Pitching for Tortolita Drummers : RHP Oliver Huerta
Batting: RHB Michael Brannon 0-0: Ball
1-0: Ball
2-0: Called Strike
2-1: Called Strike
2-2: Ball
3-2: Foul Ball, location: 2F
3-2: Foul Ball, location: 2F
3-2: Base on Balls
Batting: RHB Richard Cutshall 0-0: Ball
1-0: SINGLE (Groundball, 34D)
Michael Brannon to second
Runner from 2nd tries for 3rd, SAFE, no throw
Batting: RHB Steve Bock 0-0: Ball
1-0: Called Strike
1-1: Swinging Strike
1-2: Ball
2-2: Ground out 6-3 (Groundball, 6)
Richard Cutshall to second
Batting: LHB Ricky Payton 0-0: Called Strike
0-1: Ball
1-1: Swinging Strike
1-2: Ground out U3 (Groundball, 3L)
Batting: SHB Júlio Morín Jr. 0-0: Fly out, F7 (Flyball, 7LM)
Bottom of the 8th over - 0 runs, 1 hit, 0 errors, 2 left on base; Tortolita 2 - Port Royal 6
TOP OF THE 9TH
Tortolita Drummers batting - Pitching for Port Royal Disaster : LHP Magnus Scheving
Batting: RHB Scotty Glenn 0-0: Ball
1-0: Swinging Strike
1-1: Ball
2-1: Ball
3-1: Base on Balls
Batting: RHB Otis Brewer 0-0: Foul Ball, location: 2F
0-1: Ball
1-1: Foul Ball, location: 2F
1-2: Strikes out looking
Batting: RHB Jesús Martínez 0-0: Called Strike
0-1: Ball
1-1: Foul Ball, location: 2F
1-2: Foul Ball, location: 2F
1-2: Strikes out swinging
Batting: LHB Glen Allen Mixon 0-0: Called Strike
0-1: Fly out, F9 (Line Drive, 9)
Top of the 9th over - 0 runs, 0 hits, 0 errors, 1 left on base; Tortolita 2 - Port Royal 6
Friday, March 29th, 2019 - OOTP Baseball 18.8 Build 76